 Dungeon Crawl Stone Soup version 0.27.0-1-g7a089689b8 (webtiles) character file.

Game seed: 2970814896682417683

788 sanka the Ducker (level 7, -2/37 HPs)
             Began as a Vine Stalker Hedge Wizard on Aug 1, 2021.
             Slain by a gnoll (8 damage)
             ... on level 4 of the Dungeon.
             The game lasted 00:06:29 (3576 turns).

sanka the Ducker (Vine Stalker Hedge Wizard)        Turns: 3576, Time: 00:06:30

Health: -2/37      AC: 10    Str: 14    XL:     7   Next: 87%
Magic:  0/14       EV: 14    Int: 14    God:
Gold:   121        SH:  0    Dex: 14    Spells: 11/14 levels left

rFire    . . .     SeeInvis .   j - +0 flail (protect)
rCold    . . .     Faith    .   (no shield)
rNeg     . . .     Spirit   +   b - +0 robe
rPois    .         Reflect  .   c - +0 hat
rElec    .         Harm     .   (no cloak)
rCorr    .         Rampage  .   o - +0 pair of gloves
Will     .....                  (no boots)
Stlth    ++........             e - amulet of regeneration
HPRegen  2.12/turn              (no ring)
MPRegen  0.14/turn              (no ring)

@: under a protective aura
A: fangs 2, regeneration 1, magic shield, antimagic bite, no potion heal 2
a: no special abilities


You were on level 4 of the Dungeon.
You visited 1 branch of the dungeon, and saw 4 of its levels.

You collected 121 gold pieces.


Innate Abilities, Weirdness & Mutations

You have extremely sharp teeth.
Your natural rate of healing is unusually fast.
When hurt, damage is shared between your health and your magic reserves.
Your bite disrupts and absorbs the magic of your enemies.
Potions cannot restore your health.


   Skills:
 - Level 4.0 Fighting
 + Level 5.2 Dodging
 - Level 2.4 Stealth
 - Level 4.0 Spellcasting
 - Level 1.0 Conjurations
 - Level 3.0 Summonings
 - Level 1.0 Translocations


You had 11 spell levels left.
You knew the following spells:

 Your Spells              Type           Power      Damage    Failure   Level
x - Call Imp              Summ           11%        N/A       9%          2
z - Magic Dart            Conj           20%        1d4       13%         1

Your spell library contained the following spells:

 Spells                   Type           Power      Damage    Failure   Level
 Summon Small Mammal      Summ           44%        N/A       5%          1
 Apportation              Tloc           10%        N/A       13%         1
 Animate Skeleton         Necr           4%         N/A       19%         1
 Corona                   Hex            2%         N/A       19%         1
 Blink                    Tloc           N/A        N/A       19%         2
 Slow                     Hex            2%         N/A       28%         2
 Conjure Flame            Conj/Fire      4%         6-21      43%         3
 Mephitic Cloud           Conj/Pois/Air  3%         N/A       45%         3

Inventory:

Hand Weapons
 a - a +0 dagger
 j - a +0 flail of protection (weapon)
 k - a +0 halberd
Missiles
 t - 4 silver javelins
 u - 8 javelins
Armour
 b - a +0 robe (worn)
 c - a +0 hat (worn)
 h - a +0 buckler
 o - a +0 pair of gloves (worn)
 v - a +0 cloak
Jewellery
 e - an amulet of regeneration (around neck)
 l - an amulet of the acrobat
Scrolls
 d - a scroll of magic mapping {unknown}
 f - a scroll of enchant armour {unknown}
 g - a scroll of fear {unknown}
 n - a scroll of noise {unknown}
 p - a scroll of identify {unknown}
 r - 2 scrolls of teleportation {unknown}
 w - a scroll of amnesia {unknown}
 x - a scroll of immolation {unknown}
Potions
 i - a potion of cancellation {unknown}
 m - a potion of attraction {unknown}
 q - a potion of lignification {unknown}
 s - a potion of brilliance {unknown}
 z - a potion of haste {unknown}

Dungeon Overview and Level Annotations

Branches:
Dungeon (4/15)
 Temple: D:4-7

Altars:
Hepliaklqana
Ru

Shops:
D:2 [ D:4

: ▒▒▒▒ ▒▒...▒▒
▒▒.....▒▒ ▒▒▒.......▒
▒gg5f._...▒ ..
▒.▒.......▒ ...!£
▒.▒▒...[.▒▒ ......
▒.▒▒▒...▒▒▒▒▒▒.......
▒...▒▒▒▒▒▒.........£.
▒▒▒.▒...▒▒...........
▒.g?..)............
▒▒▒...▒▒.....).....
▒...▒▒...........


You could see 2 gnolls and a friendly crimson imp (summoned).


Message History

The gnoll completely misses you. The adder completely misses you.
Your crimson imp barely misses the adder.
The gnoll hits you from afar with a +0 halberd!
* * * LOW HITPOINT WARNING * * *
You miss the adder.
The adder is almost dead.
You feel sick. The adder barely misses you. The adder closely misses you.
The gnoll misses you.
Unknown command.
You hit the adder but do no damage.
Your weapon exudes an aura of protection.
You bite the adder. You drain its power.
You feel invigorated.
The adder is almost dead.
You feel sick.
You are no longer poisoned.
The adder bites you.
* * * LOW HITPOINT WARNING * * *
The gnoll completely misses you. The adder barely misses you.
You sock the adder!
You kill the adder!
The gnoll hits you from afar with a +0 halberd.
* * * LOW HITPOINT WARNING * * *
The gnoll hits you from afar with a +0 halberd!
You die...

Action                   |  1- 3 |  4- 6 |  7- 9 || total
-------------------------+-------+-------+-------++-------
Melee: Dagger            |     8 |       |       ||     8
       Bite              |     8 |    34 |    23 ||    65
       Flail             |    33 |   134 |    78 ||   245
 Cast: Magic Dart        |    44 |     9 |       ||    53
       Call Imp          |     4 |     6 |     3 ||    13
 Stab: Sleeping          |       |     4 |     2 ||     6
Armor: Robe              |    15 |    35 |    42 ||    92
Dodge: Dodged            |    47 |   105 |   100 ||   252

Levels and vault maps discovered:
D:1:      minmay_arrival_three_doors, layout_basic, kennysheep_another_room
D:2:      layout_rooms, dilly_ecumenical_altar_fadedgnrine, serial_shops,
          nicolae_shop_overgrown_old_shop, minmay_statues_item, nrook_uturn
D:3:      layout_basic, kennysheep_generic_room_16, uniq_grinder
D:4:      minmay_inner_zag, layout_basic, lemuel_round_altar,
          general_overflow_altar, serial_shops, shop

Notes
Turn   | Place    | Note
-------+----------+-------------------------------------------
     0 | D:1      | sanka the Vine Stalker Hedge Wizard began the quest for the
                  | Orb.
     0 | D:1      | Reached XP level 1. HP: 9/9 MP: 5/5
   416 | D:1      | Reached XP level 2. HP: 13/13 MP: 4/7
   455 | D:1      | Learned a level 2 spell: Call Imp
   619 | D:1      | Reached skill level 4 in Spellcasting
  1151 | D:2      | Reached skill level 2 in Summonings
  1151 | D:2      | Reached XP level 3. HP: 16/16 MP: 1/9
  1507 | D:2      | Reached skill level 3 in Summonings
  1507 | D:2      | Gained mutation: Your natural rate of healing is unusually
                  | fast. [Vine Stalker growth]
  1507 | D:2      | Reached XP level 4. HP: 21/21 MP: 11/11
  1802 | D:2      | Found a faded altar of an unknown god.
  1829 | D:2      | Found Touduuh's Antique Armour Shoppe.
  1994 | D:3      | Reached skill level 1 in Fighting
  2072 | D:3      | Reached skill level 2 in Dodging
  2481 | D:3      | Noticed Grinder
  2536 | D:3      | Killed Grinder
  2537 | D:3      | Reached skill level 2 in Fighting
  2537 | D:3      | Reached skill level 3 in Dodging
  2537 | D:3      | Reached XP level 5. HP: 28/28 MP: 7/12
  2537 | D:3      | Reached XP level 6. HP: 32/32 MP: 7/13
  2999 | D:4      | Reached skill level 3 in Fighting
  3158 | D:4      | Reached XP level 7. HP: 37/37 MP: 14/14
  3357 | D:4      | Reached skill level 4 in Fighting
  3357 | D:4      | Reached skill level 4 in Dodging
  3397 | D:4      | Found a hazy altar of Hepliaklqana.
  3483 | D:4      | Found Xocziw's Book Shop.
  3501 | D:4      | Reached skill level 5 in Dodging
  3554 | D:4      | HP: 3/37 [gnoll (10)]
  3565 | D:4      | Found a sacrificial altar of Ru.
  3576 | D:4      | Slain by a gnoll

Vanquished Creatures
  A necrophage (D:4)
  An ogre (D:4)
  A centaur (D:4)
  A kobold brigand (D:4)
  A hound (D:4)
  2 centaur skeletons (D:4)
  An iguana (D:4)
  A howler monkey skeleton (D:4)
  5 gnolls (D:4)
  7 adders
  2 worms (D:2)
  2 dart slugs
  An orc (D:4)
  3 bats
  9 endoplasms
  2 giant cockroaches
  6 hobgoblins
  5 jackals (D:2)
  6 kobolds
  2 quokkas
  2 ball pythons
  A frilled lizard (D:2)
  8 goblins
  4 rats
74 creatures vanquished.

Vanquished Creatures (collateral kills)
  Grinder (D:3)
  An adder (D:2)
  3 gnolls (D:2)
  A hobgoblin (D:2)
  4 jackals (D:2)
  2 ball pythons
12 creatures vanquished.

Grand Total: 86 creatures vanquished
